 Dungeon Crawl Stone Soup version 0.29-a0-322-g68df515428 (webtiles) character file.

Game seed: 5486381352534255448

352 croobank the Skirmisher (level 6, -8/56 HPs)
             Began as a Hill Orc Fighter on Apr 6, 2022.
             Mangled by an ogre
             ... wielding a +0 giant club
              (21 damage)
             ... on level 5 of the Dungeon on Apr 7, 2022.
             The game lasted 00:12:10 (4393 turns).

croobank the Skirmisher (Hill Orc Fighter)          Turns: 4393, Time: 00:12:11

Health: -8/56      AC:  7    Str: 21    XL:     6   Next: 61%
Magic:  6/6        EV:  9    Int:  8    God:
Gold:   181        SH:  5    Dex: 10    Spells: 5/5 levels left

rFire   . . .      SeeInvis .   a - +0 war axe
rCold   . . .      Faith    .   c - +0 buckler
rNeg    . . .      Spirit   .   v - +0 scale mail
rPois   .          Reflect  .   (no helmet)
rElec   .          Harm     .   (no cloak)
rCorr   .          Rampage  .   (no gloves)
Will    +....                   (no boots)
Stlth   ..........              (no amulet)
HPRegen 0.18/turn               h - ring of willpower
MPRegen 0.10/turn               (no ring)

@: mighty, lethally poisoned (-8 -> -12), about to teleport
A: no striking features
a: no special abilities


You were on level 5 of the Dungeon.
You visited 1 branch of the dungeon, and saw 5 of its levels.

You collected 181 gold pieces.

Inventory:

Hand Weapons
 a - a +0 war axe (weapon)
 b - a +0 hunting sling
 s - a +3 dagger of distortion
 w - a +0 rapier
Missiles
 i - 142 stones (quivered)
Armour
 c - a +0 buckler (worn)
 v - a +0 scale mail (worn)
Jewellery
 h - a ring of willpower (left hand)
 p - a ring of see invisible
Wands
 o - a wand of paralysis (10)
Scrolls
 e - a scroll of teleportation
 f - a scroll of noise {unknown}
 g - 3 scrolls of identify
 m - a scroll of fear {unknown}
 r - 3 scrolls of immolation {unknown}
 y - a scroll of blinking {unknown}
Potions
 j - 2 potions of heal wounds
 k - a potion of mutation {unknown}
 l - 6 potions of curing {unknown}
 n - a potion of lignification {unknown}
 q - 2 potions of attraction {unknown}
 t - 3 potions of flight {unknown}
 u - a potion of haste {unknown}
 x - 2 potions of experience {unknown}


   Skills:
 + Level 5.3 Fighting
 + Level 4.9 Axes
 + Level 4.8 Armour
 + Level 4.9 Shields


You had 5 spell levels left.
You didn't know any spells.
Your spell library contained the following spells:

 Spells                   Type           Power      Damage    Failure   Level
 Freeze                   Ice            0%         1d3       82%         1
 Blink                    Tloc           0%         N/A       91%         2
 Sublimation of Blood     Necr           0%         N/A       91%         2
 Wereblood                Tmut           0%         N/A       91%         2
 Dazzling Flash           Conj/Hex       0%         N/A       99%         3
 Frozen Ramparts          Ice            0%         1d2       99%         3
 Ignite Poison            Fire/Tmut/Pois 0%         N/A       99%         3
 Mephitic Cloud           Conj/Pois/Air  0%         N/A       99%         3
 Ozocubu's Armour         Ice            0%         N/A       99%         3
 Hailstorm                Conj/Ice       0%         3d3       100%        4
 Iskenderun's Mystic Bla  Conj/Tloc      0%         2d3       100%        4
 Fireball                 Conj/Fire      0%         3d3       100%        5
 Freezing Cloud           Conj/Ice/Air   0%         6-21      100%        5
 Iskenderun's Battlesphe  Conj           0%         2d6       100%        5
 Manifold Assault         Tloc           0%         N/A       100%        5
 Conjure Ball Lightning   Conj/Air       0%         3x3d6     100%        6
 Starburst                Conj/Fire      0%         6d3       100%        6
 Orb of Destruction       Conj           0%         9d5       100%        7
 Ozocubu's Refrigeration  Ice            0%         4d5       100%        7
 Storm Form               Tmut/Air       0%         N/A       100%        7
 Summon Hydra             Summ           0%         N/A       100%        7


Dungeon Overview and Level Annotations

Branches:
Dungeon (5/15)
 Temple: D:4-7

Altars:
Elyvilon

Shops:
D:2 :


Message History

There are monsters nearby!
A hound comes into view.
Found 7 gold pieces.
The ogre hits you with a +0 giant club!
You can't go up here!
You feel very mighty all of a sudden. The scorpion stings you.
You are poisoned.
The scorpion poisons you! The hound bites you but does no damage.
You slash the ogre!
The ogre is moderately wounded.
You hit the scorpion. You miss the hound.
You feel very sick. The hound barely misses you.
The scorpion stings you but does no damage.
The ogre hits you with a +0 giant club!!
* * * LOW HITPOINT WARNING * * *
The hound bites you but does no damage. The scorpion barely misses you.
As you read the scroll labelled VADUAD AKAHU, it crumbles to dust.
It is a scroll of identify.
e - 2 scrolls of teleportation You feel very sick.
You block the hound's attack.
An orc comes into view. It is wielding a +0 whip.
The scorpion stings you.
* * * LOW HITPOINT WARNING * * *
The ogre closely misses you.
Okay, then.
It was a potion of heal wounds.
You feel much better.
You feel sick. The hound bites you but does no damage.
The hound closely misses you. You block the scorpion's attack.
The hound bites you but does no damage. The hound bites you.
As you read the scroll of teleportation, it crumbles to dust.
You feel strangely unstable.
You feel sick. The hound completely misses you. The hound barely misses you.
The ogre hits you with a +0 giant club!!
* * * LOW HITPOINT WARNING * * *
You block the scorpion's attack. The ogre attacks as you move away!
The ogre hits you with a +0 giant club!!
You die...

#....# #....#
.######....#
$..........##
.......⌠.⌠..##
.............#
...o.⌠.sh..⌠.#
#..O@h....#
##.......##
##.....##
#######


You could see an ogre, a scorpion, 2 hounds and an orc.

Vanquished Creatures
  2 hounds
  A gnoll shaman (D:4)
  A jelly (D:4)
  Jessica (D:3)
  8 gnolls
  2 adders
  14 orcs
  3 endoplasms
  3 giant cockroaches
  9 goblins
  8 hobgoblins
  13 jackals
  3 quokkas
  7 ball pythons
  3 bats
  3 frilled lizards
  7 kobolds
  7 rats
95 creatures vanquished.

Notes
Turn   | Place    | Note
-------+----------+-------------------------------------------
     0 | D:1      | croobank the Hill Orc Fighter began the quest for the Orb.
     0 | D:1      | Reached XP level 1. HP: 19/19 MP: 1/1
   199 | D:1      | Reached XP level 2. HP: 24/27 MP: 2/2
   482 | D:1      | Found a faded altar of an unknown god.
   738 | D:1      | Reached skill level 4 in Fighting
   741 | D:1      | Reached XP level 3. HP: 26/33 MP: 3/3
  1455 | D:2      | Found a white marble altar of Elyvilon.
  2307 | D:2      | Found Uthug's Book Shop.
  2534 | D:3      | Reached XP level 4. HP: 38/40 MP: 4/4
  2778 | D:3      | Noticed Jessica
  2786 | D:3      | Killed Jessica
  2787 | D:3      | Reached XP level 5. HP: 45/47 MP: 5/5
  3583 | D:4      | Reached skill level 5 in Fighting
  3583 | D:4      | Reached XP level 6. HP: 45/56 MP: 6/6
  4385 | D:5      | Entered Level 5 of the Dungeon
  4393 | D:5      | Mangled by an ogre

Illustrated notes

Levels and vault maps discovered:
D:1:      dpeg_arrival_water_fire, layout_basic, basic_ecumenical_altar,
          minmay_hexomino_p4
D:2:      layout_basic, basic_altar, serial_shops, shop, minivault_25,
          chequers_jeans
D:3:      layout_basic, uniq_jessica
D:4:      layout_loops_cross
D:5:      layout_basic, minmay_temple_entry_butterflies, minmay_misc_feat_tower,
          grunt_ministairs_9, nicolae_wooded_promenade, minmay_misc_feat_rugged

Skill      XL: |  1  2  3  4  5 |
---------------+----------------+-----
Axes           | 3 4 |  4.9
Fighting       | 4 5 |  5.3
Armour         | 4 |  4.8
Shields        | 4 |  4.9

Action                   |  1- 3 |  4- 6 || total
-------------------------+-------+-------++-------
Melee: War axe           |   112 |   155 ||   267
Evoke: Wand              |       |     1 ||     1
  Use: Scroll            |       |     2 ||     2
       Potion            |       |     2 ||     2
 Stab: Paralysed         |       |     2 ||     2
Armor: Scale mail        |    67 |    69 ||   136
Dodge: Dodged            |    69 |    99 ||   168
Block: Buckler           |    38 |    40 ||    78

Table legend: (Time is in decaauts)
 A = Elapsed time spent in this place.
 B = Non-inter-level travel time spent in this place.
 C = Inter-level travel time spent in this place.
 D = Time resting spent in this place.
 E = Time spent auto-exploring this place.
 F = Levels seen in this place.
 G = Mean time per level.
                   A        B        C        D        E       F      G
               +--------+--------+--------+--------+--------+-----+--------+
         Total |   4490 |   4424 |     66 |    618 |   3095 |   5 |  898.0 |
       Dungeon |   4490 |   4424 |     66 |    618 |   3095 |   5 |  898.0 |
               +--------+--------+--------+--------+--------+-----+--------+

Top non-repeatable levels by time:
     D:1: 1389 daAuts
     D:3: 1248 daAuts
     D:2: 985 daAuts
     D:4: 858 daAuts
     D:5: 8 daAuts
